General information
- name: BNet
- type: Ladder team game (AT/RT)
- host: Battle.net
- saver: lllove
map: TwilightRuins
- players: 8
- length: 08:45
- speed: Fast
- version: 1.26 W3XP
- replay type: Public
» download(30 KB)
Players
team 1 (loser)
Rhisis (
pink | 148 APM | 239 actions | 01:36)
» actions
| Assign group hotkey | 4 | |
| Basic commands | 6 | |
| Build / train | 6 | |
| Enter build submenu | 8 | |
| Right click | 51 | |
| Select / deselect | 23 | |
| Select group hotkey | 136 | |
| Use ability | 5 | |
239 total
» units
» buildings
| Graveyard | 1 | |
| Crypt | 1 | |
| Altar of Darkness | 1 | |
| Ziggurat | 1 | |
| Tomb of Relics | 1 | |
5 total
» build order
00:07 Graveyard
00:09 Crypt
00:42 Altar of Darkness
00:57 Ziggurat
01:27 Tomb of Relics
reguyio (
yellow | 27 APM | 42 actions | 01:34)
» actions
| Assign group hotkey | 2 | |
| Build / train | 7 | |
| Enter build submenu | 4 | |
| Right click | 13 | |
| Select / deselect | 11 | |
| Select group hotkey | 1 | |
| Use ability | 4 | |
42 total
» units
» buildings
| Altar of Kings | 1 | |
| Farm | 2 | |
| Barracks | 1 | |
4 total
» build order
00:20 Altar of Kings
00:35 Farm
00:50 Barracks
00:55 Farm
Foodin (
red | 0 APM | 0 actions | 05:33)
team 2 (winner)

»
tomgreen (
blue | 22 APM | 196 actions | 08:43)
1 Priestess of the Moon
1 Trueshot Aura
» actions
| Assign group hotkey | 5 | |
| Basic commands | 2 | |
| Build / train | 27 | |
| Enter build submenu | 12 | |
| Enter hero's abilities submenu | 1 | |
| Right click | 47 | |
| Select / deselect | 65 | |
| Select group hotkey | 27 | |
| Use ability | 10 | |
196 total
» units
» upgrades
| Strength of the Moon | 1 | |
| Moon Armor | 1 | |
2 total
» buildings
| Altar of Elders | 1 | |
| Moon Well | 4 | |
| Ancient of War | 2 | |
| Tree of Ages | 2 | |
| Hunter's Hall | 1 | |
| Ancient of Wonders | 1 | |
| Tree of Life | 1 | |
12 total
» build order
00:43 Altar of Elders
00:45 Moon Well
01:14 Ancient of War
01:27 Moon Well
02:25 Ancient of War
02:56 Moon Well
02:57 Moon Well
06:29 Tree of Ages
06:29 Tree of Ages
06:34 Hunter's Hall
06:38 Ancient of Wonders
07:45 Tree of Life
Dark-Raptor (
teal | 31 APM | 268 actions | 08:43)
2 Blademaster
1 Wind Walk
1 Critical Strike
1 Firelord
1 Summon Lava Spawn
» actions
| Assign group hotkey | 1 | |
| Basic commands | 12 | |
| Build / train | 22 | |
| Enter build submenu | 15 | |
| Enter hero's abilities submenu | 3 | |
| Remove unit from queue | 1 | |
| Right click | 59 | |
| Select / deselect | 124 | |
| Use ability | 31 | |
268 total
» units
» buildings
| Altar of Storms | 1 | |
| Orc Burrow | 4 | |
| Barracks | 1 | |
| Voodoo Lounge | 1 | |
| War Mill | 1 | |
| Stronghold | 1 | |
| Watch Tower | 4 | |
| Great Hall | 2 | |
| Fortress | 1 | |
| Spirit Lodge | 1 | |
17 total
» build order
00:10 Altar of Storms
00:13 Orc Burrow
00:34 Barracks
01:16 Orc Burrow
01:59 Voodoo Lounge
03:28 War Mill
04:11 Stronghold
04:23 Orc Burrow
05:00 Watch Tower
05:05 Watch Tower
06:25 Great Hall
06:50 Watch Tower
06:52 Watch Tower
07:03 Fortress
07:11 Spirit Lodge
07:15 Orc Burrow
08:09 Great Hall
» items
lllove (
orange | 37 APM | 327 actions | 08:45)
2 Blood Mage
1 Flame Strike
1 Siphon Mana
» actions
| Assign group hotkey | 9 | |
| Basic commands | 7 | |
| Build / train | 22 | |
| Enter build submenu | 11 | |
| Enter hero's abilities submenu | 2 | |
| Right click | 149 | |
| Select / deselect | 84 | |
| Select group hotkey | 20 | |
| Use ability | 23 | |
327 total
» units
» buildings
| Altar of Kings | 1 | |
| Barracks | 1 | |
| Farm | 5 | |
| Scout Tower | 2 | |
| Arcane Tower | 1 | |
| Lumber Mill | 1 | |
11 total
» build order
00:38 Altar of Kings
00:39 Barracks
00:49 Farm
00:51 Farm
01:05 Farm
01:15 Farm
01:39 Farm
02:13 Scout Tower
02:16 Scout Tower
03:08 Arcane Tower
03:30 Lumber Mill
TheMarxist (
purple | 44 APM | 387 actions | 08:43)
2 Archmage
1 Summon Water Elemental
1 Brilliance Aura
» actions
| Assign group hotkey | 57 | |
| Build / train | 27 | |
| Enter build submenu | 19 | |
| Enter hero's abilities submenu | 2 | |
| Remove unit from queue | 1 | |
| Right click | 108 | |
| Select / deselect | 70 | |
| Select group hotkey | 84 | |
| Use ability | 19 | |
387 total
» units
» upgrades
» buildings
| Altar of Kings | 1 | |
| Farm | 7 | |
| Barracks | 2 | |
| Lumber Mill | 1 | |
| Scout Tower | 4 | |
| Keep | 1 | |
| Guard Tower | 3 | |
| Blacksmith | 1 | |
| Arcane Vault | 1 | |
| Castle | 1 | |
22 total
» build order
00:13 Altar of Kings
00:15 Farm
00:34 Barracks
00:52 Farm
01:22 Lumber Mill
01:35 Farm
02:24 Farm
02:36 Farm
03:30 Farm
03:35 Scout Tower
04:08 Barracks
05:03 Keep
05:07 Scout Tower
05:08 Guard Tower
05:19 Farm
05:20 Blacksmith
06:13 Guard Tower
06:17 Scout Tower
06:32 Arcane Vault
07:31 Castle
07:49 Guard Tower
08:11 Scout Tower
Chat log
(00:05 / All) tomgreen: yooo
(00:09 / Allies) TheMarxist: what up
(00:24 / Allies) TheMarxist: plan
(00:26 / Allies) TheMarxist: i say rush
(00:28 / All) Dark-Raptor: units?
(00:28 / Allies) tomgreen: dominate
(00:32 / Allies) tomgreen: ill rush hard yea
(00:35 / Allies) lllove: chew bubble gum and take names
(00:36 / Allies) TheMarxist: range
(00:56 / Allies) lllove: gonna cc
(01:02 / Allies) Dark-Raptor: yeah cc
(01:06 / Allies) Dark-Raptor: but make units
(01:08 / Allies) TheMarxist: yeah map is good
(01:09 / Allies) TheMarxist: ok
(01:33 / All) Rhisis: 2v4 boys
(01:36 / All) Rhisis: gg
(01:37 / All) Dark-Raptor: LOL
(01:38 / All) TheMarxist: gay
(01:40 / All) tomgreen: requeue
(01:41 / All) TheMarxist: wtf man
(01:53 / All) Dark-Raptor: rush
(02:01 / All) TheMarxist: rush these bitches
(03:03 / All) Dark-Raptor: gg
(03:07 / All) Dark-Raptor: no hero
(05:47 / All) TheMarxist: gg
(05:50 / Allies) Dark-Raptor: move blue
(06:11 / Allies) Dark-Raptor: blue move
(07:18 / Allies) tomgreen: requeue after this
(07:23 / Allies) TheMarxist: down
(08:43 / Allies) lllove: dumbass teal